Map: Catalyst LE

Players

Temper - Winner!

  • Race: Zerg Zerg
  • League: Master
  • Spawn Location: 11:00

DaeJong

  • Race: Zerg Zerg
  • League: Master
  • Spawn Location: 5:00

VOD

Have the link to the VOD?

Description

Time

  • Played on: Dec. 9, 2017, 2:09 a.m.
  • Length: 10:46
Show
View Real Time Build Order
Export as new Build Order

Temper Zerg - Winner!

Build Orders: Hatch First, Zergling Baneling 

Get SALT Encoding   

  12  0:04  Drone  
  13  0:13  Overlord  
  13  0:19  Drone  
  14  0:31  Drone  
  14  0:32  Drone  
  16  0:36  Drone  
  17  0:54  Hatchery  
  17  0:57  Drone  
  17  1:00  Drone  
  17  1:02  Extractor  
  17  1:18  Spawning Pool  
  16  1:22  Drone x2  
  18  1:31  Drone  
  19  1:40  Overlord  
  19  2:02  Drone  
  19  2:04  Metabolic Boost  
  19  2:05  Queen  
  19  2:06  Queen  
  24  2:08  Zergling x2  
  24  2:12  Zergling x2  
  26  2:19  Zergling x2  
  26  2:21  Drone  
  28  2:24  Drone  
  27  2:37  Baneling Nest  
  27  2:40  Drone  
  27  2:49  Hatchery  
  26  2:52  Drone  
  26  2:55  Drone  
  28  2:58  Zergling x2  
  29  3:06  Zergling x4  
  29  3:08  Drone  
  29  3:10  Drone  
  33  3:16  Zergling x4  
  35  3:21  Overlord  
  35  3:24  Baneling  
  35  3:31  Overlord  
  35  3:40  Baneling x3  
  35  3:42  Zergling x8  
  37  4:00  Zergling x2  
  37  4:01  Zergling x12  
  41  4:05  Queen  
  41  4:08  Baneling  
  41  4:09  Baneling x2  
  42  4:12  Drone  
  42  4:15  Drone  
  44  4:23  Zergling x2  
  44  4:24  Zergling x4  
  47  4:30  Baneling x2  
  47  4:34  Zergling x8  
  44  4:47  Zergling x12  
  50  4:56  Drone x4  
  48  5:14  Drone x4  
  48  5:15  Drone x4  
  48  5:20  Evolution Chamber  
  49  5:30  Drone x6  
  53  5:37  Roach Warren, Extractor  
  53  5:39  Extractor  
  49  5:49  Drone x3  
  52  5:51  Zergling x2  
  52  5:52  Zergling x8  
  56  5:58  Lair  
  56  6:01  Zerg Missile Weapons Level 1  
  56  6:04  Baneling  
  56  6:05  Baneling  
  56  6:09  Drone  
  57  6:13  Extractor  
  57  6:14  Drone  
  57  6:15  Overlord x2  
  56  6:37  Drone x3  
  56  6:38  Roach x5  
  69  6:44  Roach x2  
  69  6:46  Overlord x2  
  69  6:47  Overlord  
  73  6:56  Overlord x3  
  73  6:59  Glial Reconstitution  
  73  7:06  Roach x2  
  73  7:07  Roach  
  79  7:12  Drone x3  
  79  7:13  Drone  
  83  7:16  Roach  
  83  7:17  Roach  
  87  7:24  Roach x3  
  93  7:34  Overlord  
  93  7:36  Roach x4  
  101  7:40  Drone x3  
  101  7:41  Drone  
  105  7:47  Roach x3  
  105  7:51  Ravager x5  
  115  7:55  Drone x3, Extractor  
  115  7:56  Extractor  
  115  7:58  Drone x2  
  120  8:01  Zerg Missile Weapons Level 2  
  120  8:08  Roach x3  
  126  8:21  Drone x4  
  126  8:25  Overlord x3  
  121  8:34  Roach x2  
  121  8:35  Roach x3  
  121  8:38  Overlord, Extractor  
  128  8:42  Drone  
  125  8:52  Roach  
  125  8:53  Roach x3  
  125  8:54  Ravager  
  130  9:01  Roach  
  130  9:02  Roach x3, Hatchery  
  124  9:07  Drone  
  116  9:13  Hydralisk Den, Roach  
  116  9:14  Roach x4  
  116  9:15  Ravager x2  
  127  9:26  Roach x5  
  138  9:31  Ravager  
  138  9:37  Drone x4  
  138  9:38  Drone  
  143  9:45  Hydralisk  
  143  9:46  Hydralisk x2  
  149  9:54  Hydralisk  
  149  9:55  Hydralisk  
  149  9:59  Overlord  
  153  10:00  Drone x2  
  153  10:02  Queen  
  153  10:06  Hydralisk  
Show
View Real Time Build Order
Export as new Build Order

DaeJong Zerg 

Build Orders: Pool First 

Get SALT Encoding   

  12  0:01  Drone  
  13  0:12  Overlord  
  13  0:17  Drone  
  14  0:32  Drone x2  
  16  0:36  Drone  
  17  0:45  Drone  
  17  0:47  Extractor  
  17  0:51  Spawning Pool  
  17  0:55  Drone  
  17  1:06  Drone  
  18  1:17  Drone  
  19  1:23  Hatchery  
  18  1:38  Zergling x2  
  18  1:39  Zergling x2, Queen  
  22  1:48  Metabolic Boost  
  22  1:53  Overlord  
  22  2:05  Extractor  
  22  2:13  Zergling x4  
  22  2:15  Queen  
  26  2:23  Drone  
  25  2:39  Drone x2  
  25  2:43  Zergling x2  
  28  2:46  Baneling Nest, Drone  
  28  2:49  Drone x3  
  31  2:58  Zergling x2  
  31  2:59  Zergling x2  
  33  3:06  Zergling x2  
  33  3:07  Zergling x2  
  33  3:12  Spine Crawler  
  34  3:16  Zergling x2  
  35  3:21  Zergling x2  
  36  3:29  Baneling  
  36  3:30  Baneling x3  
  35  3:35  Zergling x2  
  35  3:52  Zergling x4  
  35  4:02  Zergling x8  
  36  4:07  Drone  
  36  4:08  Roach Warren  
  34  4:10  Evolution Chamber  
  34  4:16  Baneling x2, Drone x2  
  34  4:17  Overlord, Drone  
  32  4:43  Drone x3  
  32  4:44  Drone x3  
  32  4:45  Drone x2  
  37  4:46  Lair  
  37  4:48  Extractor  
  37  4:49  Roach x2  
  37  4:50  Drone  
  41  4:55  Drone  
  38  5:20  Zergling x12  
  41  5:33  Drone x5  
  37  5:42  Baneling x3  
  37  5:46  Drone x2  
  37  5:49  Drone x3  
  42  5:55  Baneling x3  
  42  5:56  Baneling x2  
  42  6:01  Drone x2  
  44  6:05  Overlord  
  44  6:21  Overlord x2  
  44  6:23  Glial Reconstitution, Zerg Missile Weapons Level 1  
  42  6:28  Drone x3  
  42  6:29  Drone  
  44  6:38  Drone x5  
  48  6:41  Drone  
  48  6:43  Zergling x2  
  50  6:53  Zergling x2  
  50  6:54  Drone  
  52  7:02  Extractor x2  
  52  7:04  Baneling  
  52  7:07  Baneling  
  50  7:10  Roach x3  
  50  7:13  Extractor  
  50  7:15  Roach x3  
  61  7:18  Queen  
  63  7:27  Hatchery  
  63  7:39  Roach  
  63  7:40  Overlord x2, Roach  
  63  7:44  Drone  
  68  7:48  Baneling  
  68  7:49  Baneling  
  68  7:56  Overlord x3  
  68  8:08  Drone x4  
  68  8:12  Queen  
  74  8:20  Roach x3  
  79  8:27  Roach  
  79  8:28  Roach x3  
  85  8:36  Roach  
  85  8:37  Roach x3  
  90  8:47  Roach x2  
  83  8:56  Roach  
  71  9:11  Roach x3  
  71  9:12  Overlord  
  77  9:23  Drone  
  78  9:24  Hydralisk Den  
  78  9:25  Drone  
  78  9:30  Hatchery  
  78  9:31  Ravager x4  
  80  9:32  Ravager x4  
  80  9:37  Drone x2  
  87  9:42  Roach  
  87  9:45  Drone  
  90  9:51  Drone  
  90  9:52  Drone x5  
  96  9:54  Hatchery  
  96  9:56  Hydralisk  
  97  10:00  Evolution Chamber  
  97  10:05  Drone  
  97  10:23  Spine Crawler  
  97  10:25  Overlord x3  
Tags
 
Add a new tag
Caveats
  • Supply blocks, unpowered buildings, or Contaminate may cause inaccurate times.
  • Supply counts are checked every 10 seconds.